cohdb
Replays
Latest Replays
All Replays
Popular Replays
Top Player Replays
Match Explorer
How It Works
Community
CoH3 Stats
Reddit
Sign in to upload your games and track your stats! →
Sign in with Steam
Match 39065061
Unlisted
Match 39065061
Overview
Messages
Build Orders
End
Kettenkrad Recon Vehicle
Construct Infanterie Kompanie
Grenadier Squad
Grenadier Squad
GrW 34 Mortar Team
MG 42 Machine Gun Team
Construct Luftwaffe Kompanie
Support Elements
Jäger Squad
Jäger Squad
Wirbelwind Flakpanzer
Construct Panzer Kompanie
Stoßtruppen Squad
Panzer IV Medium Tank
Selects Breakthrough Battlegroup
Selects Assault Grenadiers
Selects Rapid Production
Selects Blitzkrieg
Selects Tiger Heavy Tank
Stoßtruppen Squad
Tiger Heavy Tank
Blitzkrieg
Medical Station
Selects Breakthrough
Selects Mechanized Assault Group
Selects Breakthrough
Selects Incendiary Bombing Run
Stoßtruppen Squad
Pioneer Squad
Panzer IV Medium Tank
Blitzkrieg
Side Skirts
GröFaZ
sword_crusher
0
0
Comments
sign in to comment!
No comments posted yet!